 Dungeon Crawl Stone Soup version 0.20.0-10-g0535bb4 (webtiles) character file.

6982 MTVSty1e the Cleaver (level 11, -1/62 HPs)
             Began as a Gargoyle Gladiator on June 7, 2017.
             Was a Believer of Okawaru.
             Slain by a death knight
             ... wielding a +1 broad axe
              (18 damage)
             ... on level 8 of the Dungeon.
             The game lasted 00:17:22 (8060 turns).

MTVSty1e the Cleaver (Gargoyle Gladiator)           Turns: 8060, Time: 00:17:23

Health: -1/62      AC: 22    Str: 20    XL:     11   Next: 8%
Magic:  0/13       EV: 14    Int: 10    God:    Okawaru [**....]
Gold:   478        SH:  0    Dex: 11    Spells: 10/10 levels left

rFire    + . .     SeeInvis +   y - +0 battleaxe
rCold    . . .     Gourm    .   (shield currently unavailable)
rNeg     + . .     Faith    .   s - +0 scale mail
rPois    ∞         Spirit   +   (helmet restricted)
rElec    +         Reflect  .   r - scarf {Spirit}
rCorr    .         Harm     .   k - +0 pair of gloves
MR       .....                  q - +0 pair of boots
Stlth    +.........             (no amulet)
Regen    0.2/turn               e - ring of see invisible
MPRegen  0.2/turn               w - ring of flight

@: heroism
A: horns 1, talons 1, icy blue scales 1, thin metallic scales 1, fire resistance
1, negative energy resistance 1, electricity resistance, wild magic 2,
unbreathing, evolution 1, petrification resistance, rot immunity, AC +7
a: Heroism, Renounce Religion, Evoke Flight


You were on level 8 of the Dungeon.
You worshipped Okawaru.
Okawaru was pleased with you.
You were not hungry.

You visited 2 branches of the dungeon, and saw 10 of its levels.

You collected 478 gold pieces.

Inventory:

Hand Weapons
 a - a +1 war axe
 i - a +2 flail of crushing
 y - a +0 battleaxe (weapon)
Missiles
 d - 4 throwing nets (quivered)
Armour
 c - a +0 helmet
 k - a +0 pair of gloves (worn)
 q - a +0 pair of boots (worn)
 r - a scarf of spirit shield (worn)
 s - a +0 scale mail (worn)
Jewellery
 e - a ring of see invisible (left hand)
 o - an uncursed ring of fire
 w - a ring of flight (right hand)
Wands
 t - a wand of random effects (20/48)
 v - a wand of confusion (41/48)
 A - a wand of acid (7/15)
 B - a wand of enslavement (5/24)
 H - a wand of confusion (25/48)
Scrolls
 b - 2 scrolls of brand weapon {unknown}
 g - 3 scrolls of teleportation
 j - 4 scrolls of remove curse
 m - a scroll of fog
 p - 2 scrolls of recharging
 u - 4 scrolls of amnesia
 z - a scroll of enchant weapon
 C - a scroll of identify
 D - a scroll of vulnerability {unknown}
Potions
 h - a potion of curing
 l - a potion of brilliance
 n - 3 potions of mutation
 E - a potion of magic
 F - a potion of degeneration {unknown}
Books
 I - a book of Air

   Spells                             Type                      Level
   a - Shock                          Conjuration/Air              1
   b - Swiftness                      Charms/Air                   2
   c - Static Discharge               Conjuration/Air              3
   d - Airstrike                      Air                          4
   e - Lightning Bolt                 Conjuration/Air              5
Comestibles
 f - 2 bread rations
 G - a royal jelly


   Skills:
 + Level 4.7(9.7) Fighting
 * Level 13.3(18.3) Axes
 - Level 1.7(6.7) Throwing
 + Level 4.0(9.0) Armour
 + Level 4.0(9.0) Dodging
 + Level 2.9 Invocations
 - Level 2.1 Evocations


You had 10 spell levels left.
You didn't know any spells.

Dungeon Overview and Level Annotations

Branches:
Dungeon (9/15)             Temple (1/1) D:7
   Lair: D:8-11         Orc: D:9-12

Altars:
Ashenzari
Cheibriados
Dithmenos
Elyvilon
Fedhas
Gozag
Hepliaklqana
Kikubaaqudgha
Makhleb
Nemelex Xobeh
Okawaru
Qazlal
Ru
Sif Muna
Trog
Uskayaw
Vehumet
Xom
Yredelemnul
The Shining One

Shops:
D:4 (

Annotations:
D:5 exclusion: statue
D:7 removed's ghost, novice TeIE


Innate Abilities, Weirdness & Mutations

You are resistant to torment.
Your stone body is resilient. (AC +7)
You are immune to poison.
You resist negative energy. (rN+)
You are resistant to electric shocks. (rElec)
You can survive without breathing.
You are immune to petrification.
You are immune to rotting.
You have a pair of small horns on your head.
You have sharp toenails.
You are partially covered in icy blue scales. (AC +2)
You are partially covered in thin metallic scales. (AC +2)
Your flesh is heat resistant. (rF+)
Your spells are harder to cast, but more powerful.
You evolve.


Message History

You headbutt the death knight, but do no damage.
The death knight hits you with an enchanted broad axe!
* * * LOW HITPOINT WARNING * * *
Unknown command.
You slice the death knight!!
The death knight is moderately wounded.
The death knight barely misses you.
You gain the combat prowess of a mighty hero.
You slash the death knight! Your headbutt misses the death knight.
The death knight is heavily wounded.
The death knight closely misses you.
You hit the death knight.
The death knight is severely wounded.
The death knight closely misses you.
You closely miss the death knight.
The death knight is severely wounded.
You slash the death knight!
The death knight is severely wounded.
The death knight hits you with an enchanted broad axe!!
You die...

#################
#...............#####
#...............#...#
#...............#...#
#...............#...#
#...........†...#...#
#######(........@p....#...#
.....(..........†(....#...#
...................[..#...#
..................[...'...#
........<.............#...#
......................#####
......................#
......................#
......................#


You could see a death knight.

Vanquished Creatures
  A hydra (D:8)
  The ghost of MDvedh the Cleaver, a novice MiGl of Uskayaw (D:5)
  A manticore (D:6)
  The ghost of maniacrov the Covered, an amateur MiFi (D:4)
  A slime creature (D:9)
  Sigmund (D:3)
  6 yaks
  Grum (D:8)
  A hungry ghost (D:8)
  A water moccasin (D:6)
  2 ice beasts
  Duvessa (D:7)
  3 necrophages
  An orc warrior (D:6)
  3 ogres
  2 phantoms (D:6)
  4 wolves
  6 centaurs
  6 bullfrogs
  Dowan (D:7)
  3 scorpions
  A howler monkey (D:5)
  3 wights (D:6)
  A bullfrog zombie (D:5)
  4 crimson imps
  A quasit (D:6)
  A bullfrog skeleton (D:4)
  3 jellies
  4 orc wizards
  4 orc priests
  2 hounds
  A centaur skeleton (D:5)
  7 worker ants
  Terence (D:2)
  A hound skeleton (D:6)
  2 worker ant zombies (D:6)
  Robin (D:2)
  A mummy (D:5)
  11 adders
  4 shadow imps
  An adder zombie (D:6)
  5 worms
  A dart slug (D:1)
  4 leopard geckos
  20 orcs
  3 ball pythons
  6 bats
  7 giant cockroaches
  10 goblins
  7 hobgoblins
  9 jackals
  4 quokkas
  7 frilled lizards
  7 kobolds
  A leopard gecko skeleton (D:5)
  8 rats
200 creatures vanquished.

Vanquished Creatures (others)
  A plant (D:9)
1 creature vanquished.

Grand Total: 201 creatures vanquished

Notes
Turn   | Place    | Note
-------+----------+-------------------------------------------
     0 | D:1      | MTVSty1e the Gargoyle Gladiator began the quest for the Orb.
     0 | D:1      | Reached XP level 1. HP: 12/12 MP: 1/1
   159 | D:1      | Reached skill level 3 in Axes
   196 | D:1      | Reached XP level 2. HP: 17/17 MP: 2/2
   561 | D:2      | Noticed Terence
   578 | D:2      | Killed Terence
   578 | D:2      | Reached skill level 4 in Axes
   578 | D:2      | Reached XP level 3. HP: 9/21 MP: 3/3
   868 | D:2      | Reached XP level 4. HP: 20/26 MP: 4/4
  1061 | D:2      | Noticed Robin
  1073 | D:2      | Killed Robin
  1184 | D:2      | Found a faded altar of an unknown god.
  1604 | D:3      | Reached skill level 5 in Axes
  1631 | D:3      | Reached XP level 5. HP: 29/30 MP: 5/5
  1713 | D:3      | Gained mutation: You are partially covered in icy blue scales. (AC +2) [potion of mutation]
  1713 | D:3      | Gained mutation: You evolve. [potion of mutation]
  1713 | D:3      | Gained mutation: Your spells are a little harder to cast, but a little more powerful. [potion of mutation]
  1713 | D:3      | Gained mutation: Your spells are harder to cast, but more powerful. [potion of mutation]
  1947 | D:3      | Noticed Sigmund
  1959 | D:3      | Killed Sigmund
  1959 | D:3      | Reached skill level 6 in Axes
  1959 | D:3      | Reached XP level 6. HP: 7/35 MP: 6/6
  2008 | D:3      | Found a basalt altar of Yredelemnul.
  2262 | D:3      | Gained mutation: You have a pair of small horns on your head. [evolution]
  2431 | D:4      | Found a shattered altar of Ashenzari.
  2561 | D:4      | Found Lush's Weapon Emporium.
  2646 | D:4      | Reached skill level 7 in Axes
  2646 | D:4      | Reached XP level 7. HP: 40/40 MP: 7/7
  2705 | D:4      | Found a burning altar of Makhleb.
  2736 | D:4      | Noticed maniacrov's ghost (amateur MiFi)
  2755 | D:4      | Killed maniacrov's ghost
  2755 | D:4      | Reached skill level 8 in Axes
  3034 | D:4      | Found a shadowy altar of Dithmenos.
  3363 | D:5      | Entered Level 5 of the Dungeon
  3521 | D:5      | Noticed MDvedh's ghost (novice MiGl)
  3539 | D:5      | Killed MDvedh's ghost
  3539 | D:5      | Reached skill level 9 in Axes
  3539 | D:5      | Reached XP level 8. HP: 26/44 MP: 5/8
  3721 | D:5      | Found a snail-covered altar of Cheibriados.
  3984 | D:5      | Found a radiant altar of Vehumet.
  3997 | D:5      | Reached skill level 10 in Axes
  4261 | D:6      | Gained mutation: Your flesh is heat resistant. (rF+) [evolution]
  4296 | D:6      | Reached XP level 9. HP: 45/48 MP: 7/9
  4308 | D:6      | Noticed a manticore
  4317 | D:6      | HP: 2/48 [manticore (5)]
  4319 | D:6      | Killed a manticore
  4319 | D:6      | Reached skill level 11 in Axes
  4938 | D:6      | Reached skill level 12 in Axes
  5212 | D:6      | Found a shimmering altar of Xom.
  5213 | D:6      | Found a burning altar of Makhleb.
  5308 | D:6      | Reached XP level 10. HP: 49/53 MP: 7/10
  5489 | D:7      | Found a white marble altar of Elyvilon.
  5497 | D:7      | Noticed removed's ghost (novice TeIE)
  5628 | D:6      | Gained mutation: You are partially covered in thin metallic scales. (AC +2) [evolution]
  5813 | D:7      | Found a sacrificial altar of Ru.
  5864 | D:7      | Noticed Dowan
  5871 | D:7      | Noticed Duvessa
  5877 | D:7      | Killed Duvessa
  5884 | D:7      | Killed Dowan
  5884 | D:7      | Reached skill level 1 in Evocations
  5977 | D:7      | Reached skill level 1 in Armour
  6083 | D:7      | Found a staircase to the Ecumenical Temple.
  6095 | Temple   | Entered the Ecumenical Temple
  6217 | Temple   | Became a worshipper of Warmaster Okawaru
  6590 | D:8      | Noticed Grum
  6880 | D:7      | Gained mutation: You have sharp toenails. [evolution]
  7157 | D:8      | Killed Grum
  7276 | D:8      | Found a stormy altar of Qazlal.
  7361 | D:8      | Found a deep blue altar of Sif Muna.
  7521 | D:9      | Reached * piety under Okawaru
  7548 | D:9      | Found a blossoming altar of Fedhas.
  7550 | D:9      | Noticed a four-headed hydra
  7552 | D:9      | Noticed a death knight
  7571 | D:8      | Killed a four-headed hydra
  7571 | D:8      | Reached skill level 13 in Axes
  7571 | D:8      | Reached skill level 1 in Invocations
  7893 | D:9      | Noticed a two-headed ogre
  7920 | D:8      | Reached ** piety under Okawaru
  8033 | D:8      | Reached XP level 11. HP: 58/62 MP: 10/12
  8060 | D:8      | Slain by a death knight

Skill      XL: |  1  2  3  4  5  6  7  8  9 10 11 |
---------------+----------------------------------+-----
Axes           | 3 4 5 6 7 9 10 12 13 | 13.3
Evocations     | 2 |  2.1
Armour         | 3 4 |  4.0
Dodging        | 3 4 |  4.0
Fighting       | 4 |  4.7
Invocations    | 2 |  2.9
Throwing       | |  1.7

Action                   |  1- 3 |  4- 6 |  7- 9 | 10-12 || total
-------------------------+-------+-------+-------+-------++-------
Melee: War axe           |    67 |   189 |   156 |       ||   412
       Headbutt          |       |     7 |    56 |    35 ||    98
       Battleaxe         |       |       |   155 |   230 ||   385
       Flail             |       |       |       |     9 ||     9
Invok: Heroism           |       |       |       |     1 ||     1
  Use: Potion            |       |     4 |     8 |     4 ||    16
       Scroll            |       |    10 |     2 |       ||    12
  Eat: Meat ration       |       |     1 |     1 |     2 ||     4
       Chunk             |       |       |     1 |     1 ||     2
       Bread ration      |       |       |     1 |     1 ||     2
Armor: Leather armour    |    15 |       |       |       ||    15
       Scale mail        |    24 |   113 |   203 |   208 ||   548
       Skin              |       |       |    11 |       ||    11
Dodge: Dodged            |    49 |   127 |   176 |   170 ||   522
